 Dungeon Crawl Stone Soup version 0.02-203-gf4e052f (webtiles) character file.

Game seed: 3894660130945457135, levelgen mode: deterministic

1457 Kalegnar the Zephyrmancer (level 8, 0/5 HPs) Fairy Air Elementalist. Began on Nov 5, 2020. Succumbed to poison (poison gas) ... on level 2 of the Dungeon. The game lasted 00:17:27 (2429 turns).

Kalegnar the Zephyrmancer (Fairy Air Elementalist)  Turns: 2429, Time: 00:17:27

Health: 0/5        AC:  0    Str:  2    XL:     8 ^: 716
Magic:  3/3        EV: 33    Int: 21    God:
Gold:   91         SH:  0    Dex: 17    Spells: 7/22 levels left

rFire    . . .     Vision   .   j - ring of evasion
rCold    . . .     Gourm    .
rNeg     . . .     Faith    .
rPois    .         Spirit   .
rElec    .         Reflect  .
rCorr    .         Harm     .
MR       +....
Stlth    +.........
HPRegen  0.11/turn
MPRegen  0.13/turn

@: lethally poisoned (0 -> -1), flying, glowing, slow
A: tiny, no armour or weapons, only one jewelry slot, no melee attacks, fairy
magic, fairy shield, fairy light, decreased potion and divine healing, slowness
1, able to fly, insubstantial
a: Stop Flying


You were on level 2 of the Dungeon.
You were full.

You visited 1 branch of the dungeon, and saw 2 of its levels.

You collected 91 gold pieces.

Inventory:

Jewellery
 f - an uncursed amulet of the gourmand
 i - an uncursed ring of ice
 j - a ring of evasion (around core)
Scrolls
 a - 2 scrolls of immolation
 d - 2 scrolls of enchantment
 e - a scroll of fear
 g - 3 scrolls of teleportation
Potions
 c - a potion of might
 h - 2 potions of invisibility
 k - a potion of curing
 m - a potion of resistance
Comestibles
 b - 4 rations
 l - a chunk of flesh


   Skills:
 - Level 5.2 Dodging
 - Level 1.4 Stealth
 + Level 7.7 Spellcasting
 + Level 8.0 Air Magic


You had 7 spell levels left.
You knew the following spells:

 Your Spells              Type           Power        Failure   Level  Hunger
a - Shock                 Air            25 (25)      1%          1    None
b - Swiftness             Chrm/Air       24 (100)     2%          2    None
c - Static Discharge      Air            41 (100)     1%          3    None
d - Airstrike             Air            41 (200)     3%          4    ###....
e - Lightning Bolt        Air            41 (200)     9%          5    #####..

Your spell library contained the following spells:

 Spells                   Type           Power        Failure   Level  Hunger


Dungeon Overview and Level Annotations

Branches:
Dungeon (2/8)

Altars:

Annotations:
D:2 1 transporter


Innate Abilities, Weirdness & Mutations

You are too small to use any gear.
You can wear a single ring or amulet completely around your body.
You are incapable of melee of any kind.
Your magic reserves are extremely low but spells that normally cost one mana are free and all other spells cost one mana.
You are extremely frail but all attacks that strike you do exactly one damage.
You exude a bright light in a small radius around yourself.
The effect of potions and godly healing effects is reduced to match your tiny health and magic reserves.
You cover ground slowly.
You can fly continuously.
Your insubstantial form boosts your evasion and grants immunity to sticky flames, nets and constriction.


Message History

a cursed +0 trident of venom {(Curse: rF-)} a +2 spear of venom You start resting.
HP restored.
Really fly into that cloud of poison gas?
Really fly into a travel-excluded area?
You are engulfed in poison gas.
You are poisoned.
You feel sick. (1)
There is an open gate here.
Really fly into that cloud of poison gas?
You are engulfed in poison gas.
You are lethally poisoned!
You are engulfed in poison gas.
You are more poisoned.
* * * LOW HITPOINT WARNING * * *
You feel better.
You are engulfed in poison gas.
You are lethally poisoned!
* * * LOW HITPOINT WARNING * * *
You die...

#≈.## #.≈≈≈≈...≈.#....#....≈≈≈≈≈≈
.≈## #.≈≈≈≈.#≈.....≈≈≈≈...≈≈≈.≈≈
### #≈≈≈≈≈≈≈..≈.≈.###..#)≈.....
#.### #≈≈≈≈≈#######.≈#≈≈≈#≈).≈≈≈≈
.≈.≈###≈≈≈≈≈#°°○°°########≈≈≈≈≈≈≈
###..##≈≈≈≈≈#°☼○☼°#°☼○☼○○#b≈≈≈≈≈≈
##P####.≈≈≈≈#°°°○☼#○○°○°○#.≈b≈≈≈≈
##P# #.....#[$.°☼°.#.#○°#..≈.≈≈≈
.#.# #≈≈..©#©$.@°☼)).©○.#©...≈≈≈
##.# #≈≈≈..#[$.○○°.#.#°.#....≈≈≈
≈≈## #≈≈≈≈≈#°°°°°#○○☼°○°#..≈.≈≈≈
.## #PP≈≈≈#○☼☼○○#°°☼°○○#.≈≈≈≈≈≈
## #P≈..≈#°☼°○°########.≈≈.≈≈≈ #
#...P≈#########≈.≈##....b≈.
#.≈≈P≈≈#≈≈#≈≈####....≈≈≈≈≈≈ ##
#.≈≈≈PP≈..≈<.≈#≈##≈..≈≈≈≈≈≈ .##
#.≈≈≈≈P#≈##≈.##.....÷≈≈≈≈≈≈


There were no monsters in sight!

Vanquished Creatures
  Purgy (D:2)
  6 big kobolds (D:2)
  11 jellies (D:2)
  An ogre zombie (D:2)
  8 giant cockroaches (D:2)
  2 gnoll zombies (D:2)
  4 adders (D:2)
  27 sewer rats (D:2)
  14 cinder newts
  3 worms (D:2)
  2 oozes (D:2)
  2 dart slugs (D:1)
  2 leopard geckos
  4 bats
  A cinder newt skeleton (D:2)
  4 goblins (D:1)
  3 hobgoblins (D:1)
  3 ball pythons (D:2)
  A bat skeleton (D:2)
  A goblin skeleton (D:2)
  A hobgoblin skeleton (D:2)
  28 kobolds
  A leopard gecko skeleton (D:2)
  An orc skeleton (D:2)
  4 rats
  10 withered plants (D:2)
145 creatures vanquished.

Vanquished Creatures (others)
  An adder (D:2)
  136 withered plants (D:2)
137 creatures vanquished.

Grand Total: 282 creatures vanquished

Notes
Turn   | Place    | Note
-------+----------+-------------------------------------------
     0 | D:1      | Kalegnar the Fairy Air Elementalist began the quest for the
                  | Orb.
     0 | D:1      | Reached XP level 1. HP: 3/3 MP: 3/3
    91 | D:1      | Reached XP level 2. HP: 3/3 MP: 3/3
    95 | D:1      | Learned a level 2 spell: Swiftness
   384 | D:1      | Reached XP level 3. HP: 4/4 MP: 3/3
   389 | D:1      | Learned a level 3 spell: Static Discharge
   973 | D:2      | Found a faded altar of an unknown god.
   974 | D:2      | Reached XP level 4. HP: 2/4 MP: 3/3
  1067 | D:2      | Reached skill level 4 in Air Magic
  1067 | D:2      | Reached XP level 5. HP: 4/4 MP: 3/3
  1080 | D:2      | Learned a level 4 spell: Airstrike
  1132 | D:2      | Reached skill level 5 in Dodging
  1164 | D:2      | Reached XP level 6. HP: 5/5 MP: 3/3
  1295 | D:2      | Reached skill level 5 in Air Magic
  1299 | D:2      | Reached skill level 5 in Spellcasting
  1308 | D:2      | Reached XP level 7. HP: 5/5 MP: 3/3
  1317 | D:2      | Learned a level 5 spell: Lightning Bolt
  1510 | D:2      | Reached skill level 6 in Air Magic
  1635 | D:2      | Found a transporter.
  1755 | D:2      | Found a transporter.
  1792 | D:2      | Reached skill level 7 in Air Magic
  1827 | D:2      | Reached XP level 8. HP: 5/5 MP: 3/3
  2047 | D:2      | Noticed Purgy
  2057 | D:2      | Killed Purgy
  2367 | D:2      | Reached skill level 8 in Air Magic
  2429 | D:2      | Succumbed to poison (poison gas)

Levels and vault maps discovered:
D:1:      dpeg_arrival_tiny_f, layout_loops_corners
D:2:      gammafunk_cloud_chamber, layout_sewer, first_ration,
          chequers_ecumenical_altar_simple, uniq_purgy

Skill      XL: |  1  2  3  4  5  6  7  8 |
---------------+-------------------------+-----
Dodging        | 3 4 5 |  5.2
Spellcasting   | 3 4 5 6 7 |  7.7
Air Magic      | 4 5 7 8 |  8.0
Stealth        | |  1.4

Action                   |  1- 3 |  4- 6 |  7- 9 || total
-------------------------+-------+-------+-------++-------
 Cast: Shock             |    62 |   100 |   198 ||   360
       Static Discharge  |     1 |       |     1 ||     2
       Airstrike         |       |     1 |       ||     1
 Abil: Fly               |     1 |       |       ||     1
  Use: Potion            |       |       |     1 ||     1
  Eat: Chunk             |    13 |     2 |       ||    15
Dodge: Dodged            |    10 |    30 |    47 ||    87
